 Dungeon Crawl Stone Soup version 0.31-a0-542-gdc2a67831c (webtiles) character file.

Game seed: 9613272915879922996

156 howech the Trooper (level 5, -7/47 HPs)
             Began as a Minotaur Berserker on Aug 14, 2023.
             Was a Believer of Trog.
             Mangled by a gnoll
             ... wielding a +0 flail
              (10 damage)
             ... on level 3 of the Dungeon.
             The game lasted 00:04:26 (1973 turns).

howech the Trooper (Minotaur Berserker)             Turns: 1973, Time: 00:04:27

Health: -7/47      AC:  2    Str: 21    XL:     5   Next: 15%
Magic:  4/4        EV: 12    Int:  6    God:    Trog [**....]
Gold:   102        SH:  0    Dex: 10    Spells: 4/4 levels left

rFire   + . .        a - +0 hand axe
rCold   + . .        (no shield)
rNeg    . . .        b - +0 animal skin
rPois   .            (helmet restricted)
rElec   .            i - scarf {rC+ rF+}
rCorr   .            (no gloves)
SInv    .            (no boots)
Will    .....        (no amulet)
Stlth   +            (no ring)
HPRegen 0.27/turn    (no ring)
MPRegen 0.09/turn

%: no passive effects
@: no status effects
A: horns 2, retaliatory headbutt
a: Renounce Religion, Berserk, Trog's Hand


You were on level 3 of the Dungeon.
You worshipped Trog.
Trog was pleased with you.
You visited 1 branch of the dungeon, and saw 3 of its levels.

You collected 102 gold pieces.

Inventory:

Hand Weapons
 a - a +0 hand axe (weapon)
Missiles
 g - 9 poisoned darts
Armour
 b - a +0 animal skin (worn)
 i - a scarf of resistance (worn)
Jewellery
 k - a ring of protection from cold
Scrolls
 c - a scroll of teleportation {unknown}
 d - 2 scrolls of identify {unknown}
 e - a scroll of summoning {unknown}
 h - a scroll of blinking {unknown}
Potions
 f - a potion of haste {unknown}
 j - a potion of might {unknown}


   Skills:
 + Level 4.4 Fighting
 + Level 4.4 Axes
 + Level 1.1 Throwing
 + Level 3.4 Armour
 + Level 3.1 Dodging
 + Level 1.6 Shields
 + Level 1.0 Evocations


You had 4 spell levels left.
You didn't know any spells.
Your spell library was empty.

Dungeon Overview and Level Annotations

Branches:
Dungeon (3/15)

Altars:


Innate Abilities, Weirdness & Mutations

You have a pair of horns on your head.
You reflexively headbutt those who attack you in melee.


Message History

You closely miss the ball python. The ball python bites you.
The ball python barely misses you. The ball python misses you.
You furiously retaliate!
You headbutt the ball python.
You kill the ball python!
Trog accepts your kill.
You see here a ball python corpse.
Unknown command.
You open the door. 2 gnolls come into view.
The gnoll shouts! x2; You hear a shout!
A gnoll comes into view. It is wielding a +0 spear.
The gnoll moves out of view. x2
A gnoll comes into view. It is wielding a +0 flail.
There is an open door here.
Unknown command.
The gnoll hits you from afar with a +0 spear.
The gnoll shouts!
You hit the gnoll.
The gnoll is moderately wounded.
The gnoll hits you from afar with a +0 spear!
The gnoll hits you from afar with a +0 spear.
The gnoll hits you with a +0 flail! The gnoll barely misses you.
The gnoll closely misses you.
Unknown command.
You hit the gnoll. Your headbutt misses the gnoll.
The gnoll is lightly wounded.
You barely miss the gnoll. You slash the gnoll! The gnoll closely misses you.
The gnoll barely misses you.
The gnoll hits you from afar with a +0 halberd.
The gnoll hits you but does no damage.
Unknown command.
Unknown command.
The gnoll hits you with a +0 flail!
* * * LOW HITPOINT WARNING * * *
The gnoll hits you from afar with a +0 spear.
* * * LOW HITPOINT WARNING * * *
The gnoll completely misses you. The gnoll attacks as you move away!
The gnoll hits you with a +0 flail!
You die...

#.#'####
######.#.####
#######....#.#.....
#)...##....#.#>.##.
#....##....#.#.....
#....+.......#.....
#....#.....#####...
##'#<......# ##...
#@#####.######..#.
#g.g# #........###
###g# #######.## .#
#.#..### ##
#.....#. #.###...
#. #... # #... #...


You could see 3 gnolls.

Vanquished Creatures
  A kobold brigand (D:3)
  4 gnolls (D:3)
  2 dart slugs
  2 ball pythons (D:3)
  6 bats
  6 endoplasms
  2 giant cockroaches (D:2)
  6 goblins
  A hobgoblin (D:1)
  4 jackals (D:3)
  2 quokkas (D:2)
  4 frilled lizards
  2 rats (D:1)
42 creatures vanquished.

Notes
Turn   | Place    | Note
-------+----------+-------------------------------------------
     0 | D:1      | howech the Minotaur Berserker began the quest for the Orb.
     0 | D:1      | Reached XP level 1. HP: 19/19 MP: 0/0
   189 | D:1      | Reached XP level 2. HP: 27/27 MP: 1/1
   202 | D:1      | You fall into a shaft and drop 1 floor!
   720 | D:2      | Reached XP level 3. HP: 33/33 MP: 2/2
   753 | D:2      | Reached ** piety under Trog
  1727 | D:3      | Reached XP level 4. HP: 13/40 MP: 3/3
  1731 | D:3      | Reached skill level 1 in Shields
  1862 | D:3      | Noticed a kobold brigand
  1873 | D:3      | Killed a kobold brigand
  1874 | D:3      | Reached skill level 1 in Throwing
  1874 | D:3      | Reached skill level 1 in Evocations
  1874 | D:3      | Reached XP level 5. HP: 43/47 MP: 4/4
  1973 | D:3      | Mangled by a gnoll

Illustrated notes

Levels and vault maps discovered:
D:1:      mrwooster_arrival_statue_3, layout_basic
D:2:      layout_rooms, serial_forest, infiniplex_forest_clump_curved,
          infiniplex_forest_lined_2, infiniplex_forest_end_2,
          infiniplex_forest_clump_large, infiniplex_forest_end_1,
          infiniplex_forest_end_2, infiniplex_forest_straight_5,
          infiniplex_forest_lined_room_3, infiniplex_forest_split, hex_large
D:3:      layout_basic, minmay_fractal_squares_gapless_5

Skill      XL: |  1  2  3  4 |
---------------+-------------+-----
Fighting       | 4 |  4.4
Axes           | 4 |  4.4
Armour         | 3 |  3.4
Shields        | 1 |  1.6
Throwing       | 1 |  1.1
Dodging        | 3 |  3.1
Evocations     | 1 |  1.0

Action                     |  1- 3 |  4- 6 || total
---------------------------+-------+-------++-------
  Melee: Hand axe          |    63 |    17 ||    80
         Headbutt          |     8 |     3 ||    11
         Punch             |       |     1 ||     1
 Invoke: Berserk           |     1 |       ||     1
         Trog's Hand       |       |     1 ||     1
 Armour: Animal skin       |    19 |     2 ||    21
  Dodge: Dodged            |    40 |    27 ||    67

Table legend: (Time is in decaauts)
 A = Elapsed time spent in this place.
 B = Non-inter-level travel time spent in this place.
 C = Inter-level travel time spent in this place.
 D = Time resting spent in this place.
 E = Time spent auto-exploring this place.
 F = Levels seen in this place.
 G = Mean time per level.
                   A        B        C        D        E       F      G
               +--------+--------+--------+--------+--------+-----+--------+
         Total |   1983 |   1900 |     83 |    132 |   1476 |   3 |  661.0 |
       Dungeon |   1983 |   1900 |     83 |    132 |   1476 |   3 |  661.0 |
               +--------+--------+--------+--------+--------+-----+--------+

Top non-repeatable levels by time:
     D:2: 1003 daAuts
     D:1: 721 daAuts
     D:3: 259 daAuts
